AoeStats
← Jappe42

Nomad

510094582Analyzed
3v3 RM · 3d ago on Sep 29, 2026· 48m 49s· 6 players
Game mode
Random Map
Map size
210×210
Population
200
Speed
Normal
Resources
Standard
Victory
Conquest
Starting age
Dark Age
Ending age
Imperial Age
RankedLock teamsTeams togetherTeam positionsShared explorationLock speedFull tech treeHidden civsTurbo modeCheats
Victory
Defeat
🇧🇪 Bulgarians · Belgium
910
+12
🇮🇹 Italians · Italy
909
+12
🇦🇷 Aztecs · Argentina
787
+17
🇪🇸 Japanese · Spain
843
-15
🇫🇷 Celts · France
801
-13
🇫🇷 Cumans · France
790
-13
Mescalito
4:14 Loom
15:49 Feudal Age
17:23 Double-Bit Axe
19:33 Wheelbarrow
19:14 Arson
18:49 Man-at-Arms
21:13 Fishing Lines
21:55 Scale Mail Armor
22:23 Horse Collar
24:21 Forging
31:08 Castle Age
30:44 Town Watch
31:02 Gold Mining
31:07 Stone Mining
32:38 Hand Cart
32:13 Town Watch
33:16 Gillnets
33:42 Murder Holes
33:59 Masonry
35:26 Town Patrol
36:02 Bow Saw
37:10 Heavy Plow
37:32 Squires
39:19 Chain Mail Armor
41:45 Iron Casting
47:02 Gold Shaft Mining
jordan72450
6:00 Loom
17:41 Feudal Age
18:32 Double-Bit Axe
18:33 Horse Collar
27:06 Castle Age
25:35 Fletching
25:45 Padded Archer Armor
29:28 Bodkin Arrow
29:48 Leather Archer Armor
32:26 Forging
BobyLaTeub40
16:30 Feudal Age
16:56 Fishing Lines
17:09 Double-Bit Axe
21:44 Forging
21:35 Scale Mail Armor
21:25 Fletching
21:36 Padded Archer Armor
21:42 Scale Barding Armor
21:24 Arson
21:37 Horse Collar
24:18 Castle Age
25:37 Wheelbarrow
25:33 Town Watch
36:43 Iron Casting
39:04 Imperial Age
bucci71
4:48 Loom
5:33 Loom
16:28 Feudal Age
17:47 Wheelbarrow
16:58 Town Watch
17:00 Double-Bit Axe
17:19 Stone Mining
18:09 Gold Mining
18:14 Fishing Lines
24:21 Castle Age
22:24 Scale Mail Armor
22:25 Padded Archer Armor
24:04 Forging
23:44 Fletching
23:23 Man-at-Arms
24:24 Long Swordsman
29:25 Hand Cart
31:55 Bow Saw
34:52 Imperial Age
33:28 Stone Shaft Mining
32:31 Demolition Ship
33:03 Gillnets
34:23 Iron Casting
39:06 Town Patrol
39:45 Medium Warships
40:27 Silk Road
44:47 Elite Genoese Crossbowman
47:34 Heavy Warships
48:16 Chemistry
Jappe42
11:35 Loom
16:19 Feudal Age
20:17 Castle Age
19:27 Wheelbarrow
22:02 Gambesons
22:20 Squires
23:38 Scale Mail Armor
23:49 Forging
31:13 Horse Collar
32:34 Town Watch
35:07 Hand Cart
35:19 Chain Mail Armor
35:40 Iron Casting
35:53 Fletching
36:37 Heavy Plow
37:05 Double-Bit Axe
40:07 Imperial Age
45:17 Plate Mail Armor
45:48 Blast Furnace
SherlockLopez Arg.
4:14 Loom
16:13 Feudal Age
17:00 Gold Mining
16:57 Double-Bit Axe
18:17 Fishing Lines
24:31 Castle Age
23:37 Fletching
24:20 Padded Archer Armor
28:26 Forging
28:46 Scale Mail Armor
30:11 Squires
36:14 Pikeman
41:14 Wheelbarrow
42:03 Gillnets
44:42 Stone Mining
46:40 Gold Shaft Mining
49:19 Imperial Age
48:42 Treadmill Crane
48:59 Murder Holes
49:25 Ballistics
49:46 Iron Casting
49:27 Chain Mail Armor
Connection lost

Rejoining the realm…

Still unreachable

The connection could not be restored.

Session expired

The server has moved on; the page needs a fresh start.